Map: [ESL] Ancient Cistern

Players

Rex

  • Race: Zerg Zerg
  • Spawn Location: 1:00

SCV - Winner!

  • Race: Protoss Protoss
  • Spawn Location: 7:00

Event: ESL SC2 Masters 2023 Summer (Regionals)

VOD

Have the link to the VOD?

Description

Time

  • Played on: May 12, 2023, 7:56 a.m.
  • Length: 15:22

All games in this series

Show
View Real Time Build Order
Export as new Build Order

Rex Zerg 

Build Orders: Hatch First 

Get SALT Encoding   

  12  0:00  Drone  
  13  0:12  Overlord  
  13  0:18  Drone  
  14  0:31  Drone x2  
  16  0:49  Hatchery  
  15  0:53  Drone  
  15  0:56  Drone  
  17  0:59  Drone  
  18  1:10  Extractor  
  17  1:15  Spawning Pool  
  16  1:19  Drone  
  16  1:21  Drone  
  18  1:28  Drone  
  19  1:39  Drone  
  20  1:49  Overlord  
  20  2:02  Queen x2  
  20  2:03  Zergling x4  
  26  2:11  Drone x2  
  26  2:14  Metabolic Boost  
  28  2:23  Drone x2  
  30  2:38  Hatchery  
  30  2:44  Queen  
  29  2:47  Drone  
  29  2:49  Drone  
  33  2:53  Overlord  
  33  2:56  Drone  
  33  2:58  Drone  
  35  3:00  Drone  
  36  3:06  Overlord  
  36  3:11  Queen  
  38  3:14  Drone  
  38  3:16  Drone  
  40  3:21  Drone x3  
  43  3:28  Queen  
  43  3:30  Drone  
  43  3:32  Drone  
  47  3:38  Drone  
  48  3:43  Drone x3  
  51  3:51  Queen  
  53  3:56  Drone  
  53  3:57  Drone  
  53  4:01  Zergling x6, Roach Warren  
  57  4:04  Zergling x2  
  57  4:06  Overlord x2  
  58  4:17  Spore Crawler  
  58  4:20  Zergling x2  
  58  4:22  Spore Crawler  
  58  4:23  Overlord  
  57  4:26  Drone  
  57  4:30  Drone x7  
  65  4:33  Overlord  
  65  4:40  Zergling x2  
  65  4:41  Zergling x2  
  66  4:49  Roach x3  
  72  4:54  Extractor  
  72  4:55  Extractor, Zergling x10, Lair  
  72  4:58  Drone x2  
  72  4:59  Drone  
  78  5:03  Drone  
  78  5:05  Drone  
  80  5:13  Roach x4  
  88  5:17  Roach  
  89  5:25  Overlord x4  
  89  5:35  Overlord, Spore Crawler  
  88  5:36  Overlord  
  88  5:39  Drone, Overlord  
  88  5:41  Overlord  
  88  5:42  Extractor, Overlord  
  88  5:51  Roach x4  
  88  5:55  Roach x2  
  102  5:57  Roach  
  102  6:02  Roach x2  
  106  6:06  Overseer  
  106  6:11  Roach x4  
  114  6:15  Drone x3  
  114  6:18  Glial Reconstitution  
  113  6:24  Roach x2  
  116  6:31  Drone x2  
  115  6:34  Roach  
  115  6:35  Roach x2  
  115  6:39  Zergling x8  
  123  6:44  Zergling x6  
  123  6:45  Zergling x2  
  127  6:49  Zergling x2  
  127  6:50  Zergling x4, Overseer  
  127  6:53  Zergling x4  
  132  7:03  Zergling x2  
  132  7:04  Zergling x10  
  134  7:10  Roach x2  
  134  7:14  Ravager x4  
  136  7:15  Zergling x8  
  136  7:19  Zergling x6  
  136  7:20  Zergling x2  
  142  7:23  Zergling x6  
  142  7:28  Zergling x2  
  146  7:32  Zergling x4  
  145  7:37  Zergling x2  
  144  7:44  Zergling x10  
  144  7:48  Roach x2  
  152  7:52  Overlord x2  
  153  7:58  Roach x2  
  153  8:04  Overlord x2  
  153  8:05  Overseer  
  144  8:06  Roach  
  144  8:10  Roach  
  144  8:11  Roach x4  
  144  8:12  Zergling x2  
  147  8:16  Drone x3  
  147  8:18  Drone  
  143  8:20  Drone  
  143  8:22  Overseer  
  143  8:24  Drone  
  143  8:25  Drone  
  144  8:27  Drone  
  144  8:30  Drone  
  144  8:31  Zergling x2  
  144  8:34  Drone  
  144  8:38  Ravager x2  
  144  8:39  Drone, Zergling x2  
  147  8:42  Zergling x4  
  147  8:46  Drone, Zergling x2  
  147  8:52  Drone x4  
  147  8:55  Evolution Chamber  
  150  8:58  Extractor  
  149  9:08  Roach x3, Hatchery  
  154  9:14  Roach x3  
  160  9:27  Zerg Melee Weapons Level 1  
  160  9:28  Baneling Nest  
  160  9:29  Zergling x16  
  167  9:33  Ravager  
  167  9:35  Drone x4  
  172  9:40  Roach x2  
  171  9:47  Roach x4  
  171  9:52  Zergling x8  
  174  9:59  Zergling x6  
  177  10:01  Overlord  
  177  10:03  Infestation Pit  
  176  10:10  Zergling x10  
  176  10:12  Overlord  
  176  10:13  Overlord  
  178  10:16  Baneling  
  178  10:17  Baneling  
  178  10:18  Baneling x2  
  178  10:20  Ravager  
  179  10:21  Drone x5  
  181  10:28  Zergling x2  
  181  10:29  Zergling x4  
  181  10:32  Baneling  
  181  10:33  Baneling  
  182  10:37  Zergling x12  
  181  10:43  Baneling x7  
  181  10:45  Ravager  
  181  10:46  Ravager  
  181  10:48  Ravager x2  
  185  10:50  Centrifugal Hooks, Hive  
  185  10:53  Zergling x2  
  185  10:54  Zergling x8  
  183  10:58  Baneling x3  
  183  10:59  Baneling x2, Zergling x6  
  186  11:06  Zergling x2  
  186  11:07  Zergling x12  
  186  11:11  Ravager x2  
  194  11:15  Zergling x10  
  194  11:26  Zergling x14  
  195  11:33  Zergling x10  
  195  11:37  Zergling x4  
  199  11:45  Zerg Melee Weapons Level 2  
  196  11:48  Zergling x8  
  196  11:51  Baneling x15  
  196  11:52  Baneling x11  
  196  12:06  Zergling x10  
  199  12:11  Zergling x2  
  199  12:14  Baneling x8  
  199  12:18  Hatchery  
  199  12:21  Zergling x2  
  199  12:30  Spine Crawler  
  199  12:31  Spore Crawler  
  191  12:39  Zergling x18  
  191  12:43  Baneling x3  
  200  12:47  Overlord  
  200  12:48  Baneling x9  
  200  12:49  Baneling x5  
  183  12:59  Zergling x32  
  183  13:01  Overlord x2  
  183  13:02  Overlord  
  189  13:08  Evolution Chamber  
  189  13:09  Zergling x12  
  194  13:15  Zergling x8  
  194  13:25  Zergling x6  
  187  13:33  Zergling x14, Swarm Host  
  196  13:40  Zergling x8  
  178  13:44  Hatchery  
  156  13:51  Zergling x2  
  156  13:52  Zergling x10  
  156  13:55  Zergling x4  
  141  14:03  Zergling x16  
  141  14:05  Baneling x2  
  141  14:06  Baneling x9  
  141  14:09  Baneling x6  
  149  14:12  Zergling x4  
  149  14:13  Zergling x2  
  149  14:16  Baneling x5  
  151  14:22  Zergling x8  
  151  14:27  Zergling x4  
  151  14:28  Zergling x2  
  137  14:34  Zergling x10  
  138  14:44  Zergling x10  
  139  14:50  Zergling x6  
  121  15:00  Zergling x12  
  121  15:04  Zergling x6  
Show
View Real Time Build Order
Export as new Build Order

SCV Protoss - Winner!

Build Orders: 1 Gate Expand 

Get SALT Encoding   

  12  0:00  Probe  
  13  0:12  Probe  
  14  0:19  Pylon  
  14  0:24  Probe (Chrono Boost)  
  15  0:37  Probe (Chrono Boost)  
  15  0:39  Gateway  
  16  0:43  Gateway  
  16  0:46  Probe (Chrono Boost)  
  17  0:50  Assimilator  
  17  0:53  Probe  
  18  1:05  Probe  
  19  1:17  Probe  
  20  1:26  Nexus  
  20  1:36  Cybernetics Core  
  20  1:39  Probe  
  21  1:44  Assimilator  
  21  1:51  Probe  
  22  1:54  Pylon  
  22  2:03  Probe  
  23  2:10  Adept (Chrono Boost)  
  23  2:13  Warp Gate  
  23  2:15  Probe  
  26  2:20  Forge  
  26  2:27  Probe (Chrono Boost)  
  27  2:32  Stalker  
  29  2:38  Probe (Chrono Boost)  
  29  2:41  Probe (Chrono Boost)  
  31  2:48  Probe (Chrono Boost)  
  31  2:49  Protoss Ground Weapons Level 1 (Chrono Boost)  
  31  2:50  Probe (Chrono Boost)  
  33  2:55  Probe x2 (Chrono Boost)  
  35  3:04  Twilight Council  
  35  3:05  Probe  
  36  3:06  Probe  
  37  3:17  Probe, Gateway  
  37  3:18  Probe  
  37  3:19  Adept  
  41  3:27  Gateway  
  41  3:30  Gateway  
  41  3:33  Probe x2  
  43  3:35  Charge (Chrono Boost)  
  43  3:40  Pylon  
  43  3:45  Probe  
  43  3:46  Probe  
  45  3:56  Pylon  
  45  3:58  Probe x2  
  47  4:10  Probe x2  
  47  4:11  Assimilator  
  47  4:13  Nexus  
  47  4:15  Pylon  
  49  4:22  Dark Shrine  
  49  4:27  Zealot x3  
  49  4:30  Zealot  
  57  4:33  Protoss Ground Weapons Level 2 (Chrono Boost)  
  57  4:34  Pylon  
  57  4:36  Probe x2  
  59  4:49  Zealot x2  
  59  4:50  Zealot  
  65  4:53  Zealot  
  65  4:56  Pylon  
  65  4:59  Probe x2  
  69  5:07  Blink (Chrono Boost)  
  69  5:11  Probe x2, Assimilator  
  71  5:19  Gateway  
  71  5:21  Gateway  
  71  5:23  Probe x2  
  71  5:34  Probe  
  72  5:35  Probe  
  72  5:38  Dark Templar x2  
  72  5:42  Zealot x2  
  79  5:43  Probe  
  79  5:46  Probe  
  79  5:48  Probe  
  83  5:58  Probe x2 (Chrono Boost)  
  83  5:59  Shield Battery  
  85  6:06  Probe (Chrono Boost)  
  85  6:09  Probe (Chrono Boost), Pylon  
  85  6:11  Probe (Chrono Boost), Stalker x3  
  87  6:12  Stalker  
  93  6:19  Stalker  
  93  6:21  Shield Battery  
  93  6:22  Pylon  
  93  6:23  Stalker  
  95  6:35  Gateway x2, Stalker  
  95  6:36  Stalker  
  95  6:39  Stalker  
  101  6:42  Shield Battery  
  101  6:43  Stalker  
  103  6:47  Stalker  
  103  6:49  Stalker  
  107  6:54  Shield Battery  
  105  7:01  Protoss Ground Weapons Level 3 (Chrono Boost)  
  105  7:03  Nexus  
  105  7:08  Pylon  
  105  7:12  Stalker x2  
  105  7:15  Stalker  
  93  7:23  Zealot x3  
  93  7:24  Probe x2  
  93  7:25  Probe  
  102  7:34  Zealot  
  100  7:37  Stalker x3  
  100  7:41  Stalker  
  108  7:46  Pylon  
  108  7:47  Pylon  
  108  7:49  Stalker x3  
  114  7:53  Shield Battery  
  114  7:55  Stalker  
  114  8:04  Dark Templar x2  
  112  8:06  Zealot x2  
  114  8:14  Stalker x3  
  118  8:24  Stalker  
  118  8:25  Probe x3  
  121  8:28  Nexus  
  121  8:31  Pylon  
  117  8:35  Stalker x2  
  117  8:37  Archon  
  117  8:40  Stalker x3  
  123  8:42  Zealot x2  
  121  8:52  Stalker, Shield Battery  
  121  8:54  Shield Battery  
  123  9:01  Stalker x2  
  123  9:02  Stalker x2  
  131  9:06  Zealot x2  
  131  9:09  Pylon  
  135  9:12  Shield Battery  
  135  9:16  Pylon  
  135  9:17  Probe x2  
  135  9:18  Probe  
  135  9:23  Robotics Facility  
  138  9:29  Protoss Ground Armor Level 1 (Chrono Boost)  
  138  9:30  Probe x3  
  141  9:32  Zealot  
  141  9:36  Zealot x3  
  135  9:54  Assimilator  
  135  9:55  Stalker x2  
  135  9:56  Stalker x3, Assimilator  
  145  10:01  Zealot x3  
  151  10:09  Pylon  
  151  10:14  Probe  
  150  10:15  Pylon  
  150  10:21  Robotics Bay  
  150  10:23  Probe, Robotics Facility  
  150  10:26  Photon Cannon  
  150  10:28  Probe  
  152  10:32  Zealot x7  
  152  10:43  Photon Cannon  
  152  10:45  Observer (Chrono Boost)  
  152  10:47  Nexus  
  153  10:58  Stalker x4  
  153  11:01  Protoss Ground Armor Level 2 (Chrono Boost)  
  153  11:02  Zealot x3  
  167  11:07  Pylon  
  167  11:14  Disruptor x2  
  173  11:21  Shield Battery  
  169  11:29  Stalker x6  
  169  11:31  Zealot x2  
  169  11:50  Disruptor x2, Pylon  
  169  11:52  Pylon  
  169  11:53  Pylon  
  169  11:54  Stalker x2  
  179  11:57  Pylon  
  177  12:11  Stalker x4  
  177  12:15  Photon Cannon  
  185  12:16  Pylon  
  185  12:21  Zealot  
  185  12:22  Zealot x3  
  193  12:29  Disruptor x2, Gateway  
  196  12:30  Gateway  
  196  12:33  Gateway  
  199  12:42  Nexus  
  199  12:45  Pylon  
  199  12:54  Pylon  
  199  12:56  Probe  
  199  12:57  Probe x3  
  197  13:02  Stalker  
  199  13:13  Photon Cannon  
  199  13:15  Photon Cannon  
  199  13:17  Photon Cannon, Shield Battery  
  199  13:20  Pylon  
  199  13:25  Probe x3  
  162  13:47  Stalker x6  
  162  13:48  Stalker x4  
  171  13:53  Stalker  
  162  14:01  Probe x3  
  163  14:03  Disruptor x2  
  167  14:13  Zealot x5  
  167  14:14  Zealot x5  
  187  14:19  Assimilator  
  187  14:21  Templar Archives  
  187  14:23  Assimilator  
  187  14:44  Stalker x5  
  187  14:45  Stalker x2  
  181  15:07  Zealot x9  
Tags
 
Add a new tag
Caveats
  • Supply blocks, unpowered buildings, or Contaminate may cause inaccurate times.
  • Supply counts are checked every 10 seconds.